 Dungeon Crawl Stone Soup version 0.26.1-10-gdfb7c7de75 (webtiles) character file.

Game seed: 4741898746742710047

614244 raph the Swordmaster (level 26, 0/243 (248) HPs)
             Began as a Minotaur Berserker on Apr 7, 2021.
             Was a Priest of Trog.
             Slain by an ancient lich (2 damage)
             ... on level 5 of the Realm of Zot.
             The game lasted 03:04:24 (73123 turns).

raph the Swordmaster (Minotaur Berserker)          Turns: 73123, Time: 03:04:26

HP:   0/243 (248)   AC: 38    Str: 36      XL:     26   Next: 85%
MP:   22/22         EV: 20    Int:  4      God:    Trog [***...]
Gold: 3692          SH: 12    Dex: 15 (17) Spells: 25/25 levels left

rFire    + + .     SeeInvis +   a - +9 sword of Zonguldrok {reap}
rCold    + + .     Faith    .   r - +2 buckler {AC+3}
rNeg     . . .     Spirit   .   i - +6 plate armour "Seakhlu" {+Blink rF+ Will+}
rPois    +         Reflect  +   (helmet unavailable)
rElec    .         Harm     .   M - +3 cloak "Myenid" {*Slow rC+++ Regen+ Str+3 SInv}
rCorr    .         Rampage  .   x - +2 pair of gloves
Will     ++...     Clarity  +   v - +2 pair of boots {run}
Stlth    ..........             l - amulet of reflection
HPRegen  0.00/turn              p - ring "Ygocooli" {*Drain +Blink +Inv Str+6 SInv}
MPRegen  0.18/turn              C - ring "Loxoymm" {Fire +Fly rPois Stlth-}

@: corroded, berserk cooldown, slowed, constricted, studying Evocations, lightly
drained, very slow
A: retaliatory headbutt, horns 3, talons 1, iridescent scales 1, thin metallic
scales 1, clarity, clumsy 1, deterioration 1, inhibited regeneration, strong 1,
subdued magic 1
}: 3/15 runes: serpentine, barnacled, abyssal
a: Renounce Religion, Evoke Blink, Evoke Invisibility, Evoke Flight, Berserk,
Trog's Hand


You were on level 5 of the Realm of Zot.
You worshipped Trog.
Trog was most pleased with you.
You visited 9 branches of the dungeon, and saw 48 of its levels.
You visited the Abyss 3 times.
You also visited: Sewer and Gauntlet.

You collected 6979 gold pieces.
You spent 3287 gold pieces at shops.

Inventory:

Hand Weapons
 a - the +9 sword of Zonguldrok (weapon) {reap}
   (You found it on level 7 of the Dungeon)

   If a monster killed with it leaves a corpse in good enough shape, the corpse
   is reanimated as a zombie friendly to the killer.
 b - a +9 hand crossbow of flaming
 m - a +3 vorpal double sword
 E - a +5 scimitar of flaming
Missiles
 S - 1185 bolts
Armour
 i - the +6 plate armour "Seakhlu" (worn) {+Blink rF+ Will+}
   (You took it off a deep elf master archer on level 3 of the Elven Halls)

   It protects you from fire.
   It affects your willpower, your defense against some magical effects.
   It lets you blink.
 r - a +2 buckler of protection (worn)
 t - a +2 hat
 v - a +2 pair of boots of running (worn)
 x - a +2 pair of gloves (worn)
 M - the +3 cloak "Myenid" (worn) {*Slow rC+++ Regen+ Str+3 SInv}
   (You found it in a Gauntlet)

   It affects your strength (+3).
   It renders you almost immune to cold.
   It lets you see invisible.
   It increases your rate of regeneration.
   It may slow you when you take damage.
Jewellery
 e - the ring of Jegin {Wiz *Slow rF+++ Str-2 Dex+9}
   (You found it in a Gauntlet)

   [ring of wizardry]

   It improves your spell success rate.
   It affects your strength (-2).
   It affects your dexterity (+9).
   It renders you almost immune to fire.
   It may slow you when you take damage.
 l - an amulet of reflection (around neck)
 p - the ring "Ygocooli" (left hand) {*Drain +Blink +Inv Str+6 SInv}
   (You bought it in a shop on level 2 of the Orcish Mines)

   [ring of strength]

   It affects your strength (+6).
   It lets you see invisible.
   It lets you turn invisible.
   It lets you blink.
   It causes draining when unequipped.
 C - the ring "Loxoymm" (right hand) {Fire +Fly rPois Stlth-}
   (You found it in a Gauntlet)

   [ring of fire]

   It enhances your fire magic.
   It protects you from fire.
   It makes you vulnerable to cold.
   It protects you from poison.
   It lets you fly.
   It makes you less stealthy.
 F - the ring of Orhilav {rElec rC+ MP+9}
   (You found it on level 4 of the Vaults)

   [ring of magical power]

   It protects you from cold.
   It insulates you from electricity.
   It affects your magic capacity (+9).
Wands
 d - a wand of iceblast (39)
 o - a wand of acid (41)
 z - a wand of random effects (28)
 J - a wand of digging (6)
 K - a wand of flame (69)
 Y - a wand of disintegration (40)
Scrolls
 g - 17 scrolls of remove curse
 j - 9 scrolls of fog
 s - 2 scrolls of summoning
 y - 4 scrolls of blinking
 B - a scroll of silence
 G - 17 scrolls of identify
 I - 10 scrolls of fear
 O - 16 scrolls of teleportation
 V - a scroll of holy word
 Z - 5 scrolls of enchant weapon
Potions
 f - a potion of berserk rage
 h - 5 potions of resistance
 k - 13 potions of haste
 n - 6 potions of heal wounds
 q - 6 potions of cancellation
 u - 21 potions of curing
 w - 6 potions of might
 H - 3 potions of ambrosia
 L - 4 potions of magic
 R - 5 potions of attraction
 U - 2 potions of flight
 W - 3 potions of invisibility
Books
 N - a manual of Evocations
Miscellaneous
 c - a phial of floods
 A - a condenser vane
 D - a phantom mirror
 T - a lightning rod (4/4)


   Skills:
 + Level 22.4 Fighting
 O Level 27 Long Blades
 + Level 18.8 Crossbows
 + Level 22.8 Armour
 + Level 21.2 Dodging
 - Level 12.7 Stealth
 - Level 4.0 Shields
 - Level 15.0 Evocations


You had 25 spell levels left.
You didn't know any spells.
Your spell library was empty.

Dungeon Overview and Level Annotations

Branches:
Dungeon (15/15)            Temple (0/1) D:7            Lair (6/6) D:9
 Shoals (4/4) Lair:2        Snake (4/4) Lair:3        Slime (0/5) Lair:5
    Orc (2/2) D:10            Elf (3/3) Orc:2        Vaults (4/5) D:13
  Crypt (0/3) Vaults:2     Depths (5/5) D:15            Zot (5/5) Depths:5
  Sewer (visited)         Gauntlet (visited)

Altars:
Ashenzari
Cheibriados
Elyvilon
Fedhas
Gozag
Kikubaaqudgha
Nemelex Xobeh
Okawaru
Qazlal
Ru
Sif Muna
Uskayaw
Vehumet
Xom
The Shining One
Beogh

Shops:
D:12 !   D:15 *   Orc:1 :   Orc:2 :=:=[   Elf:1 [*((   Shoals:4 =(}
Snake:2 (?   Snake:4 (   Vaults:1 }   Depths:2 [   Depths:4 ?}}=

Portals:
Hell: Depths:1 Depths:2 Depths:3 Depths:4 Depths:5
Abyss: Depths:1 Depths:3 Depths:4
Pandemonium: Depths:3
Ziggurat: Depths:3
Trove: Depths:5 (lose all piety)


Innate Abilities, Weirdness & Mutations

You reflexively headbutt those who attack you in melee.
You have a pair of large horns on your head.
You have sharp toenails.
You are partially covered in iridescent scales. (AC +2)
You are partially covered in thin metallic scales. (AC +2)
You possess an exceptional clarity of mind.
You are clumsy. (Dex -2)
Your body sometimes deteriorates upon taking damage.
You do not regenerate when monsters are visible.
Your muscles are strong. (Str +2)
Your spells are a little easier to cast, but a little less powerful.


Message History

Your black bear closely misses the ancient lich.
Your black bear claws the ancient lich but does no damage.
Your black bear barely misses the ancient lich.
The electric golem hurls lightning at you.
The bolt of lightning hits you!!
* * * LOW HITPOINT WARNING * * *
The ancient lich gestures at you while chanting.
The bolt of acid misses you.
The tentacled monstrosity tentacle-slaps you!
* * * LOW HITPOINT WARNING * * *
The tentacled monstrosity tentacle-slaps you!
* * * LOW HITPOINT WARNING * * *
The tentacled monstrosity tentacle-slaps you but does no damage.
The tentacled monstrosity constricts you.
Your black bear bites the ancient lich!
Your black bear claws the ancient lich but does no damage.
Your black bear claws the ancient lich.
The ancient lich touches you!
* * * LOW HITPOINT WARNING * * *
You feel drained.
You die...

............## ##.............##
.............## #.............#
....^.......).# ##^..........##
..............# #.!.........#
§..........^^.# ##...........##
..............# #.............#
.....^........# ##.............##
..............###.....8.........#
...^......^^.###@..###########...
...........^##.LX.## ##..
^...........([h.### ###
...##▓▓▓▓▓▓▓▓▓▓▓# #
..,^,,^,,,,,****
.,,,,,,,,,,,,,,*** **
,,,,,,,,,,,,^,,,,** **,
,,,,,,,,,,,,,,,,,,* ********* *,,
,,,,,,,,,,,,,,,,,,***,,,,^,,***,,


You could see an electric golem, a tentacled monstrosity, an ancient lich (fast)
and a friendly black bear (summoned, berserk).

Vanquished Creatures
  10 orbs of fire
  A juggernaut (Depths:1)
  2 ancient liches
  6 Killer Klowns
  Sojobo (Depths:1)
  Bai Suzhen (Vaults:3)
  6 curse toes
  Xtahua (Vaults:3)
  10 golden dragons
  The ghost of Zonian the Slayer, an adept HOFi of Beogh (Vaults:4)
  The ghost of Wairghidd the Slayer, an adept HOFi of Beogh (Vaults:4)
  The ghost of Getoffmy the Slayer, a veteran GrFi of Wu Jian (Vaults:4)
  A profane servitor (Abyss:3)
  the Enchantress (Depths:3)
  A bone dragon (Depths:5)
  A Brimstone Fiend (Depths:4)
  4 electric golems
  6 tentacled monstrosities
  Jorgrun (Elf:2)
  16 Orb Guardians (Zot:5)
  Rupert (Lair:5)
  6 liches
  11 quicksilver dragons
  3 deep elf blademasters
  Asterion (Vaults:1)
  3 death cobs
  Roxanne (Elf:3)
  7 storm dragons
  A sphinx (Depths:3)
  Kirke (Lair:6)
  3 thorn hunters (Depths:3)
  7 shadow dragons
  5 tengu reavers
  11 draconian monks
  A fire giant (Depths:4)
  Donald (Vaults:1)
  7 deep elf sorcerers (Elf:3)
  7 frost giants
  11 nagarajas
  An orc warlord (Elf:3)
  5 draconian knights
  An iron dragon (Depths:2)
  9 vault wardens
  4 ghost moths
  6 draconian scorchers
  7 draconian stormcallers
  3 draconian shifters
  A war gargoyle (Vaults:4)
  4 deep elf elementalists
  2 spriggan defenders
  4 ironheart preservers
  6 draconian annihilators
  10 very ugly things
  7 deep elf demonologists (Elf:3)
  A juggernaut skeleton (Depths:3)
  18 stone giants
  The ghost of Reocis the Fighter, a journeyman FoFi of Gozag (D:12)
  7 red draconians
  Azrael (D:12)
  10 black draconians
  12 deep elf annihilators (Elf:3)
  13 green draconians
  2 vampire knights
  13 yellow draconians
  13 white draconians
  5 entropy weavers
  25 purple draconians
  A minotaur (Gauntlet)
  2 dire elephants
  3 spark wasps
  8 ettins
  7 merfolk javelineers
  5 merfolk impalers
  7 fire dragons
  Snorg (D:12)
  A green death (Depths:3)
  27 slime creatures
  4 deep elf death magi
  10 yaktaur captains
  Josephine (D:12)
  Fannar (Lair:1)
  6 great orbs of eyes
  A monstrous demonspawn (Depths:3)
  Harold (Lair:1)
  A hell beast (Depths:4)
  14 vault guards
  2 rakshasas (Depths:4)
  10 ice dragons
  An alligator snapping turtle (Shoals:4)
  15 naga warriors
  6 boulder beetles
  3 death knights
  8 spriggan air magi
  5 hydras
  9 anacondas
  33 two-headed ogres
  2 catoblepae
  10 centaur warriors
  12 death yaks
  A merfolk avatar (Shoals:4)
  17 dancing weapons
  2 merfolk aquamancers
  11 ogre magi
  3 satyrs
  8 deep troll shamans
  2 orc high priests
  A queen ant (shapeshifter) (Depths:4)
  6 tengu warriors
  The ghost of Jaiteiro the Spear-Bearer, a novice FoFi of the Shining One (D:10)
  Urug (Lair:1)
  13 naga sharpshooters
  3 deep troll earth magi
  2 vampire magi
  9 spriggan berserkers
  6 large abominations
  4 shock serpents
  2 spriggans (Depths:5)
  21 deep elf knights
  3 soul eaters
  A sun demon (Depths:4)
  A wretched star (Abyss:3)
  13 hell knights
  12 skeletal warriors
  2 iron trolls
  3 salamander mystics
  An unseen horror (shapeshifter) (Vaults:1)
  A fire crab (Lair:6)
  2 spriggan druids
  3 unseen horrors
  4 flayed ghosts
  4 glowing orange brains
  18 deep trolls
  16 sea snakes
  9 naga ritualists
  4 wizards
  16 deep elf archers
  A harpy (shapeshifter) (D:15)
  8 ironbrand convokers
  9 necromancers
  A shadow dragon zombie (Vaults:4)
  35 ugly things
  27 harpies
  11 mana vipers
  20 orc knights
  3 oklob plants (Lair:3)
  3 orc sorcerers
  41 deep elf magi
  15 cyclopes
  11 manticores
  A manticore (shapeshifter) (Depths:5)
  A fire giant zombie (Vaults:4)
  An orb spider (shapeshifter) (Depths:4)
  3 wolf spiders
  5 fauns
  A frost giant skeleton (Depths:4)
  3 human zombies (Vaults:4)
  2 salamanders (shapeshifter)
  9 vault sentinels
  Maurice (D:8)
  19 moths of wrath
  2 salamanders
  13 naga magi
  10 elephants
  A molten gargoyle (Lair:6)
  8 guardian serpents
  6 merfolk sirens
  A stone giant skeleton (Vaults:4)
  11 cane toads
  A gargoyle (D:12)
  42 black mambas
  Psyche (D:11)
  Maggie (D:6)
  A storm dragon simulacrum (Depths:3)
  3 rime drakes
  29 yaktaurs
  An efreet (D:13)
  An ice devil (Depths:4)
  21 komodo dragons
  6 freezing wraiths
  A yaktaur (shapeshifter) (D:14)
  A yaktaur skeleton (Vaults:4)
  A golden dragon simulacrum (Depths:3)
  A kobold demonologist (D:11)
  A polar bear (Lair:5)
  A meliai (shapeshifter) (D:12)
  5 meliai
  11 trolls
  A troll (shapeshifter) (Depths:1)
  4 tengu conjurers
  4 wind drakes
  17 merfolk
  A tengu simulacrum (Depths:3)
  3 hornets
  A hornet (shapeshifter) (Elf:2)
  Grinder (D:3)
  A blink frog (shapeshifter) (Vaults:2)
  A human simulacrum (Vaults:4)
  16 dream sheep
  6 blink frogs
  11 snapping turtles
  A flying skull (Vaults:2)
  13 redbacks
  15 water elementals
  A shadow (D:15)
  8 wyverns
  4 air elementals
  A human (shapeshifter) (Vaults:4)
  9 wraiths
  A shapeshifter (Vaults:4)
  32 yaks
  4 fire bats (Abyss:3)
  5 hogs
  8 fire elementals
  Grum (D:8)
  17 basilisks
  2 steam dragons (Lair:6)
  6 vampire mosquitoes
  4 chaos spawn (Abyss:3)
  A neqoxec (Depths:3)
  A warg (shapeshifter) (Elf:3)
  Edmund (D:6)
  68 nagas
  3 soldier ants
  An elf skeleton (Depths:3)
  4 wargs
  7 hell hounds
  3 small abominations
  10 water moccasins
  A floating eye (Depths:5)
  2 ice beasts
  6 sky beasts
  A hornet zombie (D:13)
  An eye of draining (shapeshifter) (Depths:4)
  A phantom (D:4)
  A necrophage (D:9)
  3 black bears
  49 orc warriors
  33 ogres
  An ettin simulacrum (Vaults:4)
  An eye of draining (D:15)
  8 wolves
  21 boggarts
  18 centaurs
  A big kobold (D:7)
  4 elf zombies (Elf:1)
  19 bullfrogs
  6 scorpions
  2 wyvern skeletons
  9 killer bees
  15 wights
  An electric eel (Snake:4)
  10 lava snakes
  A bullfrog zombie (D:12)
  5 centaur zombies
  2 jellies
  3 quasits
  3 bullfrog skeletons
  9 hounds
  A gnoll shaman (D:6)
  23 orc priests
  Crazy Yiuf (D:6)
  8 centaur skeletons
  28 orc wizards
  4 iguanas
  Ijyb (D:4)
  10 hell rats
  9 worker ants
  A mummy (D:6)
  3 worker ant zombies
  10 gnolls
  15 adders
  6 river rats
  2 shadow imps
  A white imp (D:6)
  3 ufetubi
  5 worms
  A dart slug (D:2)
  4 leopard geckos
  85 orcs
  9 giant cockroaches
  7 goblins
  9 hobgoblins
  18 jackals
  3 quokkas
  13 ball pythons
  8 bats
  4 frilled lizards
  27 kobolds
  A leopard gecko zombie (D:8)
  35 rats
  A crawling corpse (Elf:3)
2097 creatures vanquished.

Vanquished Creatures (collateral kills)
  Mara (Shoals:4)
  A golden dragon (Zot:4)
  2 deep elf master archers (Elf:3)
  A tentacled starspawn (Abyss:3)
  2 draconian knights (Zot:1)
  A vault warden (Vaults:3)
  Aizul (Snake:4)
  A stone giant (Depths:5)
  A draconian annihilator (Zot:1)
  An ironheart preserver (Vaults:3)
  A black draconian (Zot:2)
  3 purple draconians (Zot:1)
  A red draconian (Zot:3)
  A minotaur (Shoals:1)
  A merfolk impaler (Shoals:4)
  A merfolk javelineer (Shoals:1)
  A rakshasa (Depths:3)
  A vault guard (Vaults:3)
  2 hydras (Lair:1)
  A naga warrior (Snake:4)
  2 ogre magi
  A centaur warrior (D:15)
  2 satyrs
  2 dancing weapons (Elf:2)
  A merfolk aquamancer (Shoals:1)
  3 hell knights (Depths:4)
  A skeletal warrior (Vaults:1)
  A flayed ghost (Vaults:3)
  A deep troll (Orc:2)
  A deep elf archer (Elf:2)
  A harpy (Vaults:1)
  2 necromancers (Depths:4)
  4 fauns
  An orc sorcerer (Orc:2)
  A cyclops (Vaults:1)
  3 elephants
  2 salamanders
  2 merfolk sirens
  A black mamba (Snake:4)
  An eye of devastation (Abyss:3)
  A cane toad (Lair:1)
  A molten gargoyle (Lair:6)
  A merfolk (Shoals:4)
  A queen bee (shapeshifter) (Depths:4)
  2 meliai (Shoals:1)
  2 snapping turtles (Shoals:1)
  A wind drake (Shoals:4)
  A blink frog (Lair:5)
  A slime creature (D:15)
  A wyvern (Lair:5)
  2 fire bats (Abyss:3)
  4 water elementals
  A chaos spawn (Abyss:3)
  5 nagas
  An ogre (Orc:1)
  A boggart (Vaults:3)
  A centaur (Shoals:2)
  A gnoll sergeant (D:9)
  A hell rat (Lair:2)
  8 orcs
  A rat (D:9)
96 creatures vanquished.

Vanquished Creatures (others)
  A manticore (D:12)
  A human (Lair:6)
  A chaos spawn (Abyss:3)
  An orc warrior (Vaults:4)
  An adder (Snake:2)
  36 fungi
  A lurking horror (Abyss:3)
  73 plants
  2 starspawn tentacles (Abyss:3)
117 creatures vanquished.

Grand Total: 2310 creatures vanquished

Notes
Turn   | Place    | Note
-------+----------+-------------------------------------------
     0 | D:1      | raph the Minotaur Berserker began the quest for the Orb.
     0 | D:1      | Reached XP level 1. HP: 19/19 MP: 0/0
   398 | D:1      | Reached XP level 2. HP: 27/27 MP: 1/1
   666 | D:1      | Reached skill level 4 in Long Blades
   995 | D:2      | Reached ** piety under Trog
  1028 | D:2      | Reached XP level 3. HP: 31/33 MP: 2/2
  1378 | D:2      | Reached XP level 4. HP: 40/40 MP: 3/3
  1502 | D:2      | Found an opulent altar of Gozag.
  1715 | D:3      | Found a shimmering altar of Xom.
  1771 | D:3      | Reached skill level 5 in Long Blades
  1998 | D:3      | Noticed Grinder
  2216 | D:3      | Killed Grinder
  2217 | D:3      | Reached skill level 6 in Long Blades
  2217 | D:3      | Reached XP level 5. HP: 47/47 MP: 4/4
  2217 | D:3      | Reached XP level 6. HP: 55/55 MP: 5/5
  2417 | D:4      | Reached skill level 5 in Fighting
  2474 | D:4      | Found a glowing drain.
  2487 | Sewer    | Entered a sewer
  2509 | Sewer    | Reached *** piety under Trog
  3297 | Sewer    | Reached **** piety under Trog
  3633 | D:4      | Reached XP level 7. HP: 61/61 MP: 6/6
  3658 | D:4      | Found a radiant altar of Vehumet.
  3922 | D:4      | Found a hide-covered altar of Uskayaw.
  3960 | D:4      | Noticed Ijyb
  3978 | D:4      | Killed Ijyb
  4334 | D:4      | Found a blossoming altar of Fedhas.
  4413 | D:4      | Reached skill level 7 in Long Blades
  4513 | D:4      | Reached skill level 5 in Armour
  4679 | D:5      | Entered Level 5 of the Dungeon
  4691 | D:5      | Reached skill level 8 in Long Blades
  4794 | D:5      | Reached XP level 8. HP: 67/70 MP: 7/7
  4850 | D:5      | Reached skill level 9 in Long Blades
  5330 | D:6      | Reached skill level 10 in Long Blades
  5688 | D:6      | Found a snail-covered altar of Cheibriados.
  5697 | D:6      | Noticed Maggie
  5698 | D:6      | Noticed Edmund
  5705 | D:6      | Reached skill level 11 in Long Blades
  5941 | D:6      | Killed Edmund
  6012 | D:6      | Found a runed translucent door.
  6013 | D:6      | Noticed Crazy Yiuf
  6018 | D:6      | Killed Crazy Yiuf
  6211 | D:6      | Reached ***** piety under Trog
  6212 | D:6      | Reached XP level 9. HP: 75/75 MP: 8/8
  6224 | D:6      | Reached skill level 12 in Long Blades
  6325 | D:6      | Killed Maggie
  6536 | D:7      | Found a sparkling altar of Nemelex Xobeh.
  6635 | D:7      | Found the +9 sword of Zonguldrok {reap}
  6655 | D:7      | Reached skill level 13 in Long Blades
  6686 | D:7      | Found an iron altar of Okawaru.
  7073 | D:7      | Found a staircase to the Ecumenical Temple.
  7270 | D:8      | Noticed Maurice
  7283 | D:8      | Killed Maurice
  7284 | D:8      | Reached skill level 14 in Long Blades
  7562 | D:8      | Found a shimmering blue altar of Sif Muna.
  7685 | D:8      | Noticed Grum
  7689 | D:8      | Reached XP level 10. HP: 83/83 MP: 9/9
  7698 | D:8      | Killed Grum
  7699 | D:8      | Reached skill level 15 in Long Blades
  7729 | D:8      | Lost intelligence.
  7745 | D:8      | Found a blossoming altar of Fedhas.
  7920 | D:8      | Received a gift from Trog
  7971 | D:8      | Found a sacrificial altar of Ru.
  8308 | D:9      | Found a glowing golden altar of the Shining One.
  8356 | D:9      | Found a staircase to the Lair.
  8356 | D:9      | Noticed a death yak
  8361 | D:9      | Noticed a death yak
  8362 | D:9      | Noticed a death yak
  8377 | D:9      | Killed a death yak
  8385 | D:9      | Reached skill level 16 in Long Blades
  8388 | D:9      | Killed a death yak
  8389 | D:9      | Reached skill level 5 in Dodging
  8392 | D:9      | Killed a death yak
  9197 | Lair:1   | Entered Level 1 of the Lair of Beasts
  9202 | Lair:1   | Reached XP level 11. HP: 92/92 MP: 10/10
  9304 | Lair:1   | Noticed Urug
  9310 | Lair:1   | Killed Urug
  9539 | Lair:1   | Noticed a seven-headed hydra
  9544 | Lair:1   | Killed a seven-headed hydra
  9881 | Lair:1   | Noticed a four-headed hydra
  9888 | Lair:1   | Killed a four-headed hydra
 10253 | Lair:1   | Noticed Fannar
 10264 | Lair:1   | Killed Fannar
 10380 | Lair:1   | Noticed Harold
 10392 | Lair:1   | Killed Harold
 10931 | Lair:2   | Found a staircase to the Shoals.
 11055 | Lair:2   | Identified a scroll of acquirement
 11055 | Lair:2   | Acquired a manual of Fighting
 11642 | Lair:3   | Noticed a catoblepas
 11670 | Lair:3   | Killed a catoblepas
 11671 | Lair:3   | Reached skill level 10 in Fighting
 11861 | Lair:3   | Found a staircase to the Snake Pit.
 12106 | Lair:3   | Reached XP level 12. HP: 86/107 MP: 11/11
 12187 | Lair:3   | Found a broken altar of Ashenzari.
 12263 | Lair:3   | Reached skill level 10 in Armour
 13089 | Lair:3   | Reached skill level 10 in Dodging
 14286 | Lair:4   | Noticed a death yak
 14286 | Lair:4   | Noticed a death yak
 14286 | Lair:4   | Noticed a death yak
 14286 | Lair:4   | Noticed a death yak
 14287 | Lair:4   | Noticed a death yak
 14287 | Lair:4   | Noticed a death yak
 14293 | Lair:4   | Killed a death yak
 14295 | Lair:4   | Killed a death yak
 14299 | Lair:4   | Killed a death yak
 14303 | Lair:4   | Killed a death yak
 14308 | Lair:4   | Killed a death yak
 14311 | Lair:4   | Killed a death yak
 14456 | Lair:4   | Reached XP level 13. HP: 122/124 MP: 12/12
 15058 | Lair:5   | Found a staircase to the Slime Pits.
 15347 | Lair:5   | Reached skill level 1 in Evocations
 15352 | Lair:5   | Reached skill level 1 in Stealth
 15656 | Lair:5   | Noticed Rupert
 15669 | Lair:5   | Killed Rupert
 16103 | Lair:5   | Reached skill level 15 in Fighting
 16330 | Lair:6   | Entered Level 6 of the Lair of Beasts
 16835 | D:10     | Entered Level 10 of the Dungeon
 17055 | D:10     | Found a runed translucent door.
 17056 | D:10     | Noticed Jaiteiro's ghost (novice FoFi)
 17123 | D:10     | Killed Jaiteiro's ghost
 17216 | D:10     | Reached skill level 1 in Crossbows
 17232 | D:10     | Found a staircase to the Orcish Mines.
 17542 | Orc:1    | Entered Level 1 of the Orcish Mines
 17543 | Orc:1    | Found a roughly hewn altar of Beogh.
 17553 | Orc:1    | Found Isimuhex's Book Shoppe.
 18274 | Orc:2    | Entered Level 2 of the Orcish Mines
 18274 | Orc:2    | Found Doechioh's Jewellery Boutique.
 18274 | Orc:2    | Found Lurahuc's Jewellery Shop.
 18430 | Orc:2    | Reached ****** piety under Trog
 18677 | Orc:2    | Reached XP level 14. HP: 131/136 MP: 13/13
 18878 | Orc:2    | Reached skill level 5 in Crossbows
 18897 | Orc:2    | Found Myacupiy's Book Emporium.
 18960 | Orc:2    | Received a gift from Trog
 19006 | Orc:2    | Found Finuqaf's Book Boutique.
 19028 | Orc:2    | Bought the ring "Ygocooli" {*Drain +Blink +Inv Str+6 SInv}
                  | for 1327 gold pieces
 19144 | Orc:2    | Found a staircase to the Elven Halls.
 19144 | Orc:2    | Found Xiang's Antique Armour Boutique.
 19152 | Orc:2    | Bought an embroidered hat for 168 gold pieces
 19157 | Orc:2    | Bought a pair of embroidered boots for 180 gold pieces
 19167 | Orc:2    | Identified a +0 pair of boots of running (You bought it in
                  | a shop on level 2 of the Orcish Mines)
 19785 | D:11     | Found a hide-covered altar of Uskayaw.
 19806 | D:11     | Noticed Psyche
 19820 | D:11     | Killed Psyche
 20151 | D:12     | Noticed Josephine
 20166 | D:12     | Killed Josephine
 20700 | D:12     | Noticed Azrael
 20701 | D:12     | Found Sethrejed's Distillery.
 20869 | D:12     | Killed Azrael
 20870 | D:12     | Reached skill level 5 in Stealth
 20872 | D:12     | Reached skill level 5 in Evocations
 20888 | D:12     | Bought a potion of resistance for 160 gold pieces
 21285 | D:12     | Noticed Snorg
 21294 | D:12     | Killed Snorg
 21408 | D:12     | Found a transporter.
 21410 | D:12     | Noticed Reocis's ghost (journeyman FoFi)
 21415 | D:12     | Found the +8 longbow "Zephyr" {speed, Dex+3 SInv}
 21456 | D:12     | Found a transporter.
 21677 | D:13     | Found a gate to the Vaults.
 21685 | D:13     | Received a gift from Trog
 21784 | D:13     | Found a gate leading to a gauntlet.
 21789 | Gauntlet | Entered a Gauntlet
 21789 | Gauntlet | Found a large runed translucent door.
 21789 | Gauntlet | Found a large runed translucent door.
 21789 | Gauntlet | Found a large runed translucent door.
 21789 | Gauntlet | Found a large runed translucent door.
 21789 | Gauntlet | Found a runed translucent door.
 21789 | Gauntlet | Found a large runed translucent door.
 21789 | Gauntlet | Found a large runed translucent door.
 21789 | Gauntlet | Found a transporter.
 21789 | Gauntlet | Found a transporter.
 21789 | Gauntlet | Found a large runed translucent door.
 21789 | Gauntlet | Found a large runed translucent door.
 21789 | Gauntlet | Found a runed translucent gate.
 21789 | Gauntlet | Found a runed translucent gate.
 21789 | Gauntlet | Found a transporter.
 21789 | Gauntlet | Found a transporter.
 21791 | Gauntlet | Found a runed translucent door.
 21791 | Gauntlet | Found a runed translucent gate.
 21792 | Gauntlet | Found a large runed translucent door.
 21792 | Gauntlet | Found a large runed translucent door.
 21792 | Gauntlet | Found a large runed translucent door.
 21792 | Gauntlet | Found a large runed translucent door.
 21793 | Gauntlet | Found a large runed translucent door.
 21793 | Gauntlet | Found a large runed translucent door.
 21794 | Gauntlet | Found a large runed translucent door.
 21794 | Gauntlet | Found a large runed translucent door.
 21798 | Gauntlet | Found a transporter.
 21808 | Gauntlet | Found a transporter.
 21809 | Gauntlet | Found the +12 glaive of Prune {vorpal}
 21823 | Gauntlet | Found a transporter.
 21838 | Gauntlet | Found a transporter.
 21848 | Gauntlet | Found a transporter.
 21854 | Gauntlet | Found a transporter.
 21868 | Gauntlet | Found a transporter.
 21874 | Gauntlet | Found a transporter.
 22106 | Gauntlet | Got a scorched cloak
 22117 | Gauntlet | Identified the +3 cloak "Myenid" {*Slow rC+++ Regen+ Str+3
                  | SInv} (You found it in a Gauntlet)
 22139 | Gauntlet | Reached XP level 15. HP: 146/146 MP: 14/14
 22202 | Gauntlet | Got a bound steel ring
 22212 | Gauntlet | Identified the ring of Jegin {Wiz *Slow rF+++ Str-2 Dex+9}
                  | (You found it in a Gauntlet)
 22268 | Gauntlet | Got a faintly glowing glass ring
 22286 | Gauntlet | Identified the ring "Loxoymm" {Fire +Fly rPois Stlth-} (You
                  | found it in a Gauntlet)
 23453 | D:14     | Found a hide-covered altar of Uskayaw.
 23895 | D:14     | Found a stormy altar of Qazlal.
 23897 | D:14     | Received a gift from Trog
 24392 | D:15     | Entered Level 15 of the Dungeon
 24422 | D:15     | Found a white marble altar of Elyvilon.
 24738 | D:15     | Found Vebez's Assorted Antiques.
 25109 | D:15     | Found a staircase to the Depths.
 25109 | D:15     | Noticed a frost giant
 25120 | D:15     | Killed a frost giant
 25356 | D:15     | Reached skill level 10 in Crossbows
 25716 | Shoals:1 | Entered Level 1 of the Shoals
 25813 | Shoals:1 | Received a gift from Trog
 25887 | Shoals:1 | Reached XP level 16. HP: 73/157 MP: 15/15
 26211 | Shoals:1 | Found a hide-covered altar of Uskayaw.
 27945 | Shoals:3 | Received a gift from Trog
 28777 | Shoals:4 | Entered Level 4 of the Shoals
 28786 | Shoals:4 | Found Caibia Rogg's Gadget Boutique.
 28847 | Shoals:4 | Bought a condenser vane for 560 gold pieces
 28938 | Shoals:4 | Noticed Mara
 28956 | Shoals:4 | Killed Mara
 28957 | Shoals:4 | Reached skill level 17 in Long Blades
 28957 | Shoals:4 | Reached skill level 15 in Armour
 29152 | Shoals:4 | Identified Optior's Papyrus of Dislocated Curses
 29472 | Shoals:4 | Got a barnacled rune of Zot
 29500 | Shoals:4 | Found Maimech's Jewellery Shoppe.
 29502 | Shoals:4 | Found Ucye's Antique Weapon Emporium.
 29681 | Shoals:4 | Received a gift from Trog
 29895 | Shoals:4 | Reached XP level 17. HP: 151/166 MP: 16/16
 30057 | Shoals:4 | Got a fine dagger
 30058 | Shoals:4 | Identified the +1 dagger of Carved Fortitude {vorpal,
                  | Int+4} (You found it on level 4 of the Shoals)
 30317 | Snake:1  | Entered Level 1 of the Snake Pit
 31629 | Snake:2  | Found a stormy altar of Qazlal.
 31704 | Snake:2  | Found Tal Qoasch's Weapon Shoppe.
 31708 | Snake:2  | Found Lemu Hall's Magic Scroll Shoppe.
 31837 | Snake:2  | Reached skill level 18 in Long Blades
 31846 | Snake:2  | Received a gift from Trog
 32239 | Snake:2  | Got a jewelled hand crossbow
 32240 | Snake:2  | Identified the +8 hand crossbow of False Hope {speed, MP+9}
                  | (You found it on level 2 of the Snake Pit)
 33453 | Snake:4  | Entered Level 4 of the Snake Pit
 33453 | Snake:4  | Noticed Aizul
 33635 | Snake:4  | Killed Aizul
 33717 | Snake:4  | Found a shimmering blue altar of Sif Muna.
 33869 | Snake:4  | Received a gift from Trog
 33870 | Snake:4  | Found Kukickid's Antique Weapon Shoppe.
 34046 | Snake:4  | Reached XP level 18. HP: 171/173 MP: 13/17
 34174 | Snake:4  | Reached skill level 15 in Dodging
 34363 | Snake:4  | Reached skill level 19 in Long Blades
 34559 | Snake:4  | Found a sacrificial altar of Ru.
 35087 | Snake:4  | Received a gift from Trog
 35277 | Snake:4  | Got a serpentine rune of Zot
 35916 | Snake:4  | Reached skill level 10 in Stealth
 36241 | Lair:6   | Noticed Kirke
 36363 | Lair:6   | Killed Kirke
 36364 | Lair:6   | Reached skill level 10 in Evocations
 36519 | Lair:6   | Received a gift from Trog
 36557 | Lair:6   | Found a large runed translucent door.
 36559 | Lair:6   | Found a large runed translucent door.
 38111 | D:12     | Killed Reocis's ghost
 38217 | Vaults:1 | Entered Level 1 of the Vaults
 38494 | Vaults:1 | Reached XP level 19. HP: 176/180 MP: 18/18
 38612 | Vaults:1 | Reached skill level 20 in Long Blades
 38846 | Vaults:1 | Noticed Asterion
 38863 | Vaults:1 | Killed Asterion
 39151 | Vaults:1 | Noticed Donald
 39156 | Vaults:1 | Killed Donald
 39775 | Vaults:1 | Found Siumotym's Gadget Shoppe.
 40436 | Vaults:2 | Found a staircase to the Crypt.
 40799 | Vaults:2 | Identified the cursed +2 great sword "Memaqiy" {vorpal,
                  | rElec}
 41600 | Vaults:2 | Identified the +10 arbalest of Resumed Hostilities {vorpal,
                  | *Corrode rPois rC+ Int+4}
 41975 | Vaults:3 | Received a gift from Trog
 42801 | Vaults:3 | Noticed Xtahua
 42817 | Vaults:3 | Received a gift from Trog
 42821 | Vaults:3 | Killed Xtahua
 42822 | Vaults:3 | Reached skill level 21 in Long Blades
 42822 | Vaults:3 | Reached XP level 20. HP: 123/189 MP: 19/19
 43084 | Vaults:3 | Found a glowing golden altar of the Shining One.
 43269 | Vaults:3 | Noticed Bai Suzhen
 43283 | Vaults:3 | Killed Bai Suzhen
 43848 | Vaults:4 | Found a runed translucent gate.
 43848 | Vaults:4 | Found a runed translucent gate.
 43848 | Vaults:4 | Found a runed translucent gate.
 43848 | Vaults:4 | Found an ancient bone altar of Kikubaaqudgha.
 43848 | Vaults:4 | Noticed an ancient lich
 43848 | Vaults:4 | Noticed Wairghidd's ghost (adept HOFi)
 43848 | Vaults:4 | Noticed Getoffmy's ghost (veteran GrFi)
 43849 | Vaults:4 | Noticed Zonian's ghost (adept HOFi)
 44841 | Vaults:4 | Received a gift from Trog
 45701 | Elf:1    | Entered Level 1 of the Elven Halls
 45837 | Elf:1    | Found Zuhagri's Antique Armour Shop.
 45840 | Elf:1    | Found Ralewae's Antique Weapon Boutique.
 45840 | Elf:1    | Found Sahezer's General Store.
 45856 | Elf:1    | Found Moufatai's Antique Weapon Boutique.
 46068 | Elf:1    | Received a gift from Trog
 47273 | Elf:2    | Received a gift from Trog
 47301 | Elf:2    | Noticed Jorgrun
 47314 | Elf:2    | Killed Jorgrun
 47325 | Elf:2    | Found a runed translucent gate.
 47325 | Elf:2    | Found a runed translucent gate.
 47326 | Elf:2    | Found a runed translucent gate.
 47559 | Elf:2    | Reached XP level 21. HP: 195/195 MP: 20/20
 47716 | Elf:2    | Reached skill level 22 in Long Blades
 48398 | Elf:3    | Entered Level 3 of the Elven Halls
 48425 | Elf:3    | Noticed Roxanne
 48576 | Elf:3    | Received a gift from Trog
 49448 | Elf:3    | Killed Roxanne
 49963 | Elf:3    | Cast into level 3 of the Abyss (a deep elf sorcerer)
 50100 | Abyss:3  | Noticed a profane servitor
 50111 | Abyss:3  | Killed a profane servitor
 50151 | Elf:3    | Escaped the Abyss
 50157 | Elf:3    | Identified the ring "Ted Imab" {Ice Int+7 Dex+4}
 50161 | Elf:3    | Identified the +6 plate armour "Seakhlu" {+Blink rF+ Will+}
 50161 | Elf:3    | Identified the ring of Poec {rN+ Int+2}
 50547 | Elf:3    | Received a gift from Trog
 50550 | Elf:3    | Identified the +6 mace of the Morning {vorpal, rN+}
 50588 | Elf:3    | Identified the +1 morningstar "Exiqyherph" {drain, *Drain
                  | rC- Str+10 Int+2}
 50593 | Elf:3    | Identified the +9 morningstar of Karma {elec, Will+}
 50593 | Elf:3    | Identified the ring of Degaenol {rN++ Dex+6}
 50630 | Elf:3    | Cast into level 3 of the Abyss (a deep elf sorcerer)
 50630 | Abyss:3  | Found a corrupted altar of Lugonu.
 50656 | Abyss:3  | Found a corrupted altar of Lugonu.
 50661 | Elf:3    | Escaped the Abyss
 50762 | Elf:3    | Identified the +2 dire flail of Pestilence {vorpal, Dex+6}
 50778 | Elf:3    | Identified the cursed +0 halberd "Loush" {vamp, Int+3 SInv
                  | Stlth+}
 50959 | Elf:3    | Cast into level 3 of the Abyss (a deep elf sorcerer)
 50960 | Abyss:3  | Found a corrupted altar of Lugonu.
 51032 | Abyss:3  | Received a gift from Trog
 51035 | Abyss:3  | Got an abyssal rune of Zot
 51039 | Elf:3    | Escaped the Abyss
 51565 | Depths:1 | Entered Level 1 of the Depths
 51575 | Depths:1 | Reached XP level 22. HP: 184/203 MP: 21/21
 51688 | Depths:1 | Found a one-way gate to the infinite horrors of the Abyss.
 51707 | Depths:1 | Noticed Sojobo
 52117 | Depths:1 | Killed Sojobo
 52118 | Depths:1 | Reached skill level 23 in Long Blades
 52593 | Snake:2  | Bought a scroll of enchant armour for 112 gold pieces
 52593 | Snake:2  | Bought a scroll of acquirement for 780 gold pieces
 52593 | Snake:2  | Acquired a +1 crystal plate armour
 53384 | Depths:1 | Found a gateway to Hell.
 53428 | Depths:2 | Found Zokede's Antique Armour Shoppe.
 53484 | Depths:2 | Received a gift from Trog
 53493 | Depths:2 | Noticed a juggernaut
 53691 | Depths:1 | Killed a juggernaut
 54473 | Depths:2 | Acquired a manual of Evocations
 55152 | Depths:3 | Found a gateway to a ziggurat.
 55339 | Depths:3 | Received a gift from Trog
 56363 | Depths:3 | Found a radiant altar of Vehumet.
 56363 | Depths:3 | Noticed the Enchantress
 56395 | Depths:3 | Killed the Enchantress
 56712 | Depths:3 | Reached XP level 23. HP: 213/213 MP: 22/22
 56791 | Depths:3 | Gained mutation: You are frail. (-10% HP) [a neqoxec]
 56862 | Depths:3 | Found a one-way gate leading to the halls of Pandemonium.
 57140 | Depths:4 | Reached skill level 24 in Long Blades
 57588 | Depths:4 | Reached skill level 15 in Crossbows
 57721 | Depths:4 | Received a gift from Trog
 58360 | Depths:4 | Found Hysyzun's Magic Scroll Boutique.
 58569 | Depths:4 | Received a gift from Trog
 58871 | Depths:4 | Found Vaxkusi's Jewellery Shoppe.
 58871 | Depths:4 | Found Wevvagae's Gadget Boutique.
 58872 | Depths:4 | Found Jiaphiot's Gadget Boutique.
 59110 | Depths:5 | Entered Level 5 of the Depths
 59337 | Depths:5 | Found a gate to the Realm of Zot.
 60143 | Depths:5 | Found a portal to a secret trove of treasure.
 60213 | Depths:5 | Paralysed by a floating eye for 3 turns
 60691 | Zot:1    | Entered Level 1 of the Realm of Zot
 60691 | Zot:1    | Noticed an orb of fire
 60710 | Zot:1    | Killed an orb of fire
 60915 | Zot:1    | You fall into a shaft and drop 1 floor!
 60985 | Zot:1    | Noticed a Killer Klown
 60985 | Zot:1    | Noticed a Killer Klown
 61004 | Zot:1    | Killed a Killer Klown
 61010 | Zot:1    | Killed a Killer Klown
 61011 | Zot:1    | Reached XP level 24. HP: 107/200 MP: 22/22
 61053 | Zot:1    | Received a gift from Trog
 61059 | Zot:1    | Reached skill level 25 in Long Blades
 61343 | Zot:1    | Reached skill level 15 in Evocations
 65734 | Zot:3    | Reached XP level 25. HP: 174/209 MP: 22/22
 65747 | Zot:3    | Reached skill level 26 in Long Blades
 66648 | Zot:4    | Found a huge runed gate.
 66648 | Zot:4    | Found a huge runed gate.
 66648 | Zot:4    | Found a huge runed gate.
 66648 | Zot:4    | Found a huge runed gate.
 66648 | Zot:4    | Found a huge runed gate.
 66648 | Zot:4    | Found a huge runed gate.
 66648 | Zot:4    | Found a huge runed gate.
 66649 | Zot:4    | Found a huge runed gate.
 66649 | Zot:4    | Found a huge runed gate.
 66649 | Zot:4    | Found a huge runed gate.
 66650 | Zot:4    | Found a huge runed gate.
 66651 | Zot:4    | Found a huge runed gate.
 66652 | Zot:4    | Found a huge runed gate.
 66652 | Zot:4    | Found a huge runed gate.
 66652 | Zot:4    | Found a huge runed gate.
 66652 | Zot:4    | Found a huge runed gate.
 66652 | Zot:4    | Found a huge runed gate.
 66652 | Zot:4    | Found a huge runed gate.
 66652 | Zot:4    | Found a huge runed gate.
 66652 | Zot:4    | Found a huge runed gate.
 66652 | Zot:4    | Found a huge runed gate.
 66654 | Zot:4    | Found a huge runed gate.
 66654 | Zot:4    | Found a huge runed gate.
 66654 | Zot:4    | Found a huge runed gate.
 66654 | Zot:4    | Found a huge runed gate.
 66654 | Zot:4    | Found a huge runed gate.
 66654 | Zot:4    | Found a huge runed gate.
 67168 | Zot:4    | Found a huge runed gate.
 67169 | Zot:4    | Found a huge runed gate.
 67171 | Zot:4    | Found a huge runed gate.
 67217 | Zot:4    | Found a huge runed gate.
 67489 | Zot:4    | Found a huge runed gate.
 67895 | Zot:4    | Found a huge runed gate.
 67896 | Zot:4    | Found a huge runed gate.
 68244 | Zot:3    | Received a gift from Trog
 68782 | Zot:4    | Noticed an orb of fire
 68782 | Zot:4    | Noticed a Killer Klown
 68783 | Zot:4    | Noticed an ancient lich
 68790 | Zot:4    | Gained mutation: Your magical capacity is low. (-10% MP)
                  | [an orb of fire]
 69096 | Zot:4    | Gained mutation: Your body sometimes deteriorates upon
                  | taking damage. [an orb of fire]
 69109 | Zot:3    | Killed an orb of fire
 69160 | Zot:3    | Lost mutation: You are frail. (-10% HP) [potion of
                  | mutation]
 69160 | Zot:3    | Lost mutation: Your body sometimes deteriorates upon taking
                  | damage. [potion of mutation]
 69160 | Zot:3    | Lost mutation: Your magical capacity is low. (-10% MP)
                  | [potion of mutation]
 69160 | Zot:3    | Gained mutation: You are frail. (-10% HP) [potion of
                  | mutation]
 69160 | Zot:3    | Gained mutation: You are dopey. (Int -2) [potion of
                  | mutation]
 69160 | Zot:3    | Gained mutation: You are covered in fur. (AC +1) [potion of
                  | mutation]
 69191 | Zot:4    | Killed an ancient lich
 69201 | Zot:4    | Killed a Killer Klown
 69510 | Zot:4    | Got a translucent buckler
 69512 | Zot:4    | Got a transparent copper ring
 69547 | Zot:3    | Identified the cursed ring of the Genius {rC+ rN+ EV-4
                  | Slay-2} (You found it on level 4 of the Realm of Zot)
 69548 | Zot:3    | Identified the cursed +0 buckler of Absolutism {*Corrode
                  | rC- Str+7 Int+8} (You found it on level 4 of the Realm of
                  | Zot)
 69552 | Zot:3    | Lost mutation: You are frail. (-10% HP) [potion of
                  | mutation]
 69552 | Zot:3    | Lost mutation: You are covered in fur. (AC +1) [potion of
                  | mutation]
 69552 | Zot:3    | Lost mutation: You are dopey. (Int -2) [potion of mutation]
 69552 | Zot:3    | Gained mutation: You have a pair of large horns on your
                  | head. [potion of mutation]
 69552 | Zot:3    | Gained mutation: You are robust. (+10% HP) [potion of
                  | mutation]
 69552 | Zot:3    | Gained mutation: You have sharp toenails. [potion of
                  | mutation]
 69699 | Zot:5    | Entered Level 5 of the Realm of Zot
 70152 | Zot:5    | Reached skill level 27 in Long Blades
 70244 | Zot:4    | Reached XP level 26. HP: 261/268 MP: 16/22
 70312 | Zot:5    | Noticed an orb of fire
 70313 | Zot:5    | Gained mutation: Scrolls take you a little longer to read.
                  | [an orb of fire]
 70315 | Zot:5    | Noticed an orb of fire
 70317 | Zot:5    | Noticed an orb of fire
 70320 | Zot:5    | Gained mutation: You are partially covered in iridescent
                  | scales. (AC +2) [an orb of fire]
 70365 | Zot:5    | Noticed an orb of fire
 70370 | Zot:5    | Gained mutation: Scrolls take you longer to read. [an orb
                  | of fire]
 70379 | Zot:4    | Gained mutation: You tend to lose your temper in combat.
                  | [an orb of fire]
 70385 | Zot:4    | Killed an orb of fire
 70480 | Zot:5    | Gained mutation: Scrolls take you much longer to read. [an
                  | orb of fire]
 70486 | Zot:5    | Killed an orb of fire
 70487 | Zot:5    | Noticed an orb of fire
 70536 | Zot:5    | Killed an orb of fire
 70724 | Zot:5    | Gained mutation: You are clumsy. (Dex -2) [an orb of fire]
 70809 | Zot:5    | Gained mutation: You are very clumsy. (Dex -4) [an orb of
                  | fire]
 70822 | Zot:5    | Gained mutation: Your spells are a little easier to cast,
                  | but a little less powerful. [an orb of fire]
 70826 | Zot:5    | Killed an orb of fire
 70903 | Zot:5    | Noticed an orb of fire
 70972 | Zot:5    | Gained mutation: Your body sometimes deteriorates upon
                  | taking damage. [an orb of fire]
 70989 | Zot:4    | Killed an orb of fire
 71599 | Vaults:4 | Killed an ancient lich
 71618 | Vaults:4 | Killed Getoffmy's ghost
 71639 | Vaults:4 | Killed Wairghidd's ghost
 71651 | Vaults:4 | Killed Zonian's ghost
 71887 | Vaults:4 | Got a twitching pewter ring
 71894 | Vaults:4 | Identified the ring of Orhilav {rElec rC+ MP+9} (You found
                  | it on level 4 of the Vaults)
 71902 | Vaults:4 | Lost mutation: Scrolls take you much longer to read.
                  | [potion of mutation]
 71902 | Vaults:4 | Lost mutation: You tend to lose your temper in combat.
                  | [potion of mutation]
 71902 | Vaults:4 | Lost mutation: You have a pair of large horns on your head.
                  | [potion of mutation]
 71902 | Vaults:4 | Lost mutation: Scrolls take you longer to read. [potion of
                  | mutation]
 71902 | Vaults:4 | Lost mutation: You are very clumsy. (Dex -4) [potion of
                  | mutation]
 71902 | Vaults:4 | Gained mutation: You possess an exceptional clarity of
                  | mind. [potion of mutation]
 71902 | Vaults:4 | Gained mutation: Your muscles are strong. (Str +2) [potion
                  | of mutation]
 71903 | Vaults:4 | Lost mutation: Scrolls take you a little longer to read.
                  | [potion of mutation]
 71903 | Vaults:4 | Lost mutation: You are robust. (+10% HP) [potion of
                  | mutation]
 71903 | Vaults:4 | Gained mutation: You have a pair of large horns on your
                  | head. [potion of mutation]
 71903 | Vaults:4 | Gained mutation: You are partially covered in thin metallic
                  | scales. (AC +2) [potion of mutation]
 72287 | Zot:5    | Noticed an orb of fire
 72474 | Zot:4    | Gained mutation: You do not regenerate when monsters are
                  | visible. [an orb of fire]
 72475 | Zot:4    | Killed an orb of fire
 72529 | Zot:5    | Gained mutation: Your body often deteriorates upon taking
                  | damage. [an orb of fire]
 72534 | Zot:5    | Killed an orb of fire
 72892 | Zot:5    | Noticed an ancient lich
 72900 | Zot:5    | Noticed an orb of fire
 72907 | Zot:5    | Lost mutation: Your body often deteriorates upon taking
                  | damage. [an orb of fire]
 72919 | Zot:5    | Killed an orb of fire
 73123 | Zot:5    | HP: 2/248 [ancient lich (11)]
 73123 | Zot:5    | Slain by an ancient lich

Illustrated notes

Levels and vault maps discovered:
D:1:      evilmike_arrival_plus, layout_loops_ring, nrook_uturn, st_stairs_14
D:2:      layout_rooms, overflow_temple_1_default, kennysheep_potato
D:3:      layout_rooms, xom_teletrap_fun, uniq_grinder
D:4:      layout_gridville, lemuel_doored_altar, eat_drink_and_be_merry_uskayaw,
          portal_sewer_entry_e, fedhas_bush_and_centaur_altar, uniq_ijyb
D:5:      layout_rooms, grunt_ministairs_8
D:6:      layout_rooms, slow_altar_1, uniq_crazy_yiuf_cottage, uniq_maggie,
          uniq_edmund
D:7:      layout_loops_ring, lemuel_coloured_pillars_altar,
          nemelex_xobeh_ov_fountains_minmay,
          minmay_temple_entry_enclosed_plants, chequers_serial_rivers_large_a
D:8:      layout_gridville, led_sif_pool, marbit_many_paths,
          nicolae_ru_path_of_blood, hangedman_decor_diamond_cutter,
          minmay_misc_feat_encased, uniq_maurice, uniq_grum
D:9:      layout_roguey, tso_altar, dpeg_lair_monsters, grunt_decor_cap
D:10:     layout_irregular_city, orc_0_dummy, hellmonk_ghost_happy_afterlife,
          minmay_statues_item
D:11:     layout_cave_pools, basic_altar, uniq_psyche
D:12:     layout_loops_ring, enter_bailey_8, gammafunk_ghost_berserking_beasts,
          kennysheep_windowed_goal, uniq_azrael, uniq_snorg, uniq_josephine
D:13:     layout_loops_ring, erik_vaults_2, gauntlet_entry_generic,
          nicolae_underground_beach
D:14:     layout_layer_cave, kennysheep_flooded_box, grunt_qazlal_sundering
D:15:     grunt_enter_depths_snipers, layout_loops_ring, serial_shops, shop,
          elyvilon_altar_5, grunt_ministairs_6, chequers_arboretum
Lair:1:   layout_regular_city, serial_bayou_shore_b, uniq_harold, uniq_fannar,
          uniq_urug
Lair:2:   layout_cave_pods, shoals_dummy_entry, grunt_megastairs_5
Lair:3:   dpeg_oklob_gauntlet, layout_cave_pods, guppyfry_snake_entry_garden,
          amcnicky_altar_gilded
Lair:4:   layout_regular_city, beast_lair_carwin_2
Lair:5:   layout_misc_corridors, slime_dummy, special_room
          [special_room_mythical_zoo], grunt_megastairs_1, uniq_rupert
Lair:6:   cheibrodos_lair_end_hotspot, layout_regular_city, st_stairs_5,
          chequers_serial_rivers_micro_b, lookout_lair_type,
          grunt_forest_stairs_basic, uniq_kirke
Shoals:1: layout_shoals, regret_index_shoals_crete
Shoals:2: layout_shoals
Shoals:3: layout_shoals, centaur_isle
Shoals:4: shoals_end_simple, layout_shoals, serial_shops, shop, shop_statue,
          shop, uniq_mara
Snake:1:  layout_layer_cave
Snake:2:  layout_basic, basic_altar, nicolae_snake_lava_pool, minmay_shop_star,
          grunt_megastairs_2
Snake:3:  layout_rooms, grunt_ministairs_1
Snake:4:  johnstein_snake_rune_scales, layout_cave_town, serial_shops,
          nicolae_shop_waterfront, hangedman_feature_mirror,
          serial_bayou_shore_a, uniq_aizul
Orc:1:    layout_diamond_mine, serial_shops, shop, basic_altar
Orc:2:    st_orc_open, layout_caves, serial_shops, shop
Elf:1:    layout_gridlike, minmay_elf_necromancy, minmay_shoptagon
Elf:2:    layout_geoelf_octagon, kilobyte_rumbling_trees, uniq_jorgrun
Elf:3:    minmay_elf_hall_x, layout_rooms, special_room [special_room_orc],
          uniq_roxanne
Vaults:1: serial_ice_m, hangedman_vaults_snaps, ontoclasm_vaults_ligature,
          grunt_vaults_diagonal, nicolae_vaults_theta,
          ontoclasm_vaults_loading_screen, v_misc_16, ontoclasm_vaults_eye,
          nicolae_vaults_diagonal_hallway_6, layout_vaults_omnigrid,
          serial_shops, shop_statue, uniq_donald, uniq_asterion
Vaults:2: minmay_crypt_entry_simple_plaza, v_misc_11,
          nicolae_vaults_network_square, vaults_dpeg_diagonal,
          nicolae_vaults_angled_halls, nicolae_vaults_yaktaur_gun_rack,
          layout_vaults_big_room
Vaults:3: hangedman_vaults_stagger, vaults_standard_mumra_lines,
          nicolae_vaults_ring_of_whatevers, hangedman_vaults_pinch,
          nicolae_vaults_network_quinsquares
          [nicolae_vaults_network_quincunx_subvault,
          nicolae_vaults_network_quincunx_subvault,
          nicolae_vaults_network_quincunx_subvault,
          nicolae_vaults_network_quincunx_subvault], ontoclasm_vaults_hangar,
          ontoclasm_vaults_gateway, v_rooms_4, nicolae_vaults_asterisk,
          ontoclasm_vaults_ring_small, hangedman_vaults_impose,
          layout_vaults_maze_bifur, basic_altar, uniq_margery, uniq_bai_suzhen,
          uniq_xtahua
Vaults:4: gammafunk_vaults_ghost_crypt, st_smaller_cells,
          hangedman_vaults_stream, nicolae_vaults_big_angled_halls,
          nicolae_vaults_hallways_thing, nicolae_vaults_border_crossing,
          vaults_room_pool, vaults_mumra_hex, nicolae_vaults_little_squares_3,
          nicolae_vaults_big_ls, vaults_mumra_hexcomb, layout_vaults_big_cross
Depths:1: layout_long_grid, abyss_entry, fountainhead, hell_entry,
          fake_guardian_serpent_vault, uniq_sojobo
Depths:2: hangedman_cross_stitches, layout_honeycomb, serial_shops, shop,
          chequers_decorated_corner, hell_entry, serial_bayou_shore_b,
          infiniplex_staircase_hallway_doors, serial_bayou_shore_b
Depths:3: grunt_forest_end_shrine, layout_gridlike, enter_ziggurat_a,
          abyss_entry, rand_demon_pan_entry_7, serial_bayou_ford_a,
          hangedman_tar_grid_catacomb, minmay_crystal_water
Depths:4: minmay_box_of_statues, layout_gridville,
          chequers_serial_rivers_small_3, grunt_mini_vestibule, serial_shops,
          shop, abyss_entry, minmay_shop_grove, minmay_staircase_bubble,
          uniq_enchantress
Depths:5: grunt_zot_entry_tricorne, layout_honeycomb,
          nicolae_trove_entry_isolated, grunt_decor_resistance, pf_coc_iceberg
Zot:1:    cheibrodos_zot_enchanting_chambers, layout_misc_corridors
Zot:2:    layout_onion
Zot:3:    layout_basic, nicolae_lava_and_water
Zot:4:    layout_onion_interference, door_vault
Zot:5:    layout_misc_corridors

Skill      XL: |  1  2  3  4  5  6  7  8  9 10 11 12 13 14 15 16 17 18 19 20 21 22 23 24 25 26 |
---------------+-------------------------------------------------------------------------------+-----
Long Blades    | 4 6 8 11 14 16 17 18 19 21 22 23 24 25 27 | 27.0
Fighting       | 4 5 7 10 14 15 16 18 19 20 21 22 | 22.4
Armour         | 3 4 5 6 9 11 12 13 14 15 16 17 18 19 20 21 22 | 22.8
Dodging        | 3 4 6 8 10 12 13 14 15 16 17 18 19 20 21 | 21.2
Shields        | 3 4 |  4.0
Evocations     | 3 5 7 8 9 10 11 12 13 14 15 | 15.0
Stealth        | 3 5 7 8 9 10 11 12 | 12.7
Crossbows      | 4 8 10 11 12 13 14 15 16 17 18 | 18.8

Action                   |  1- 3 |  4- 6 |  7- 9 | 10-12 | 13-15 | 16-18 | 19-21 | 22-24 | 25-27 || total
-------------------------+-------+-------+-------+-------+-------+-------+-------+-------+-------++-------
Melee: Falchion          |    77 |    25 |       |       |       |       |       |       |       ||   102
       Headbutt          |    11 |    25 |    66 |    89 |   292 |   232 |   398 |   516 |   174 ||  1803
       Long sword        |       |   122 |   206 |       |       |       |       |       |       ||   328
       Double sword      |       |       |    69 |   326 |   841 |   727 |  1043 |  1314 |   495 ||  4815
       Scimitar          |       |       |       |       |    10 |       |       |       |       ||    10
 Fire: Hunting sling     |       |    14 |    15 |    55 |    29 |       |       |       |       ||   113
       Hand crossbow     |       |       |       |       |    51 |   553 |   560 |   240 |   204 ||  1608
Invok: Berserk           |     1 |     8 |    12 |    14 |    21 |    16 |    15 |    11 |    13 ||   111
       Trog's Hand       |       |       |     1 |     2 |     6 |     8 |    14 |    14 |     7 ||    52
       Brothers in Arms  |       |       |       |     2 |     2 |     4 |     9 |     8 |     8 ||    33
 Abil: Evoke Blink       |       |       |       |       |     1 |     1 |     1 |     1 |       ||     4
       Evoke Flight      |       |       |       |       |       |     2 |       |     1 |       ||     3
Evoke: Wand              |       |       |     2 |    12 |     3 |     4 |       |       |       ||    21
       Lightning rod     |       |       |       |       |     1 |     3 |       |     7 |       ||    11
       Condenser vane    |       |       |       |       |       |     1 |     1 |     4 |       ||     6
  Use: Scroll            |       |     7 |    14 |    12 |    13 |    10 |     6 |     9 |     7 ||    78
       Potion            |       |       |       |       |     1 |       |     2 |     6 |    10 ||    19
 Stab: Sleeping          |     1 |       |       |     1 |     4 |       |     9 |       |       ||    15
       Petrified         |       |       |       |     1 |       |       |       |       |       ||     1
       Distracted        |       |       |       |       |     1 |     3 |     2 |     8 |     2 ||    16
       Confused          |       |       |       |       |       |       |       |     2 |       ||     2
Armor: Ring mail         |    28 |    37 |    15 |       |       |       |       |       |       ||    80
       Animal skin       |     2 |       |       |       |       |       |       |       |       ||     2
       Chain mail        |       |       |    76 |       |       |       |       |       |       ||    76
       Steam dragon scal |       |       |    24 |    77 |    45 |       |       |       |       ||   146
       Plate armour      |       |       |       |       |   164 |   300 |     3 |   570 |   255 ||  1292
       Fire dragon scale |       |       |       |       |       |    17 |   281 |    11 |       ||   309
       Crystal plate arm |       |       |       |       |       |       |       |     6 |       ||     6
Dodge: Dodged            |    48 |    72 |   102 |   136 |   447 |   488 |   657 |   852 |   357 ||  3159
Block: Other             |    13 |       |       |       |       |       |       |       |       ||    13
       Reflection        |     2 |     8 |     3 |       |    34 |    64 |    58 |    23 |     3 ||   195
       Buckler           |     4 |    87 |   118 |   146 |   419 |   428 |   474 |   651 |   216 ||  2543
       Rpst.: Falchion   |     6 |     4 |       |       |       |       |       |       |       ||    10
       Long sword        |       |    18 |    21 |       |       |       |       |       |       ||    39
       Double sword      |       |       |    10 |    40 |    83 |    75 |   113 |   117 |    35 ||   473
